Map: Abiogenesis LE

Players

RealBear - Winner!

  • Race: Terran Terran
  • League: Gold
  • Spawn Location: 11:00

A.I. 1 (Harder)

  • Race: Protoss Protoss
  • Spawn Location: 5:00

VOD

Have the link to the VOD?

Description

Time

  • Played on: Feb. 10, 2018, 2:02 p.m.
  • Length: 14:16
Show
View Real Time Build Order
Export as new Build Order

RealBear Terran - Winner!

Build Orders: MMM Bio 

Get SALT Encoding   

  12  0:00  SCV  
  13  0:15  Supply Depot  
  13  0:17  SCV  
  14  0:25  Refinery  
  14  0:29  SCV  
  15  0:42  Barracks  
  15  0:46  SCV  
  16  0:58  SCV  
  17  1:10  SCV  
  18  1:22  SCV  
  19  1:33  Barracks  
  19  1:34  Orbital Command  
  19  1:45  Barracks Reactor  
  19  2:00  SCV  
  20  2:05  Refinery  
  20  2:17  Supply Depot  
  20  2:21  Command Center  
  20  2:22  Reaper  
  21  2:33  Factory  
  21  2:34  Marine  
  21  2:35  Barracks Tech Lab  
  22  2:43  SCV  
  23  3:03  Marine x2  
  25  3:05  Stimpack  
  25  3:06  Marauder  
  27  3:17  Starport  
  27  3:20  Widow Mine  
  27  3:25  Barracks  
  29  3:33  Marine x2  
  30  3:39  Marauder  
  32  3:43  SCV  
  33  3:51  Orbital Command  
  33  3:57  Marine x2  
  35  4:05  Engineering Bay  
  35  4:14  Widow Mine, Barracks Reactor  
  37  4:21  Engineering Bay  
  37  4:24  Supply Depot  
  37  4:28  SCV  
  38  4:34  Marine x2  
  40  4:41  Terran Infantry Weapons Level 1  
  40  4:42  SCV  
  40  4:43  SCV  
  42  4:52  Marine x2  
  43  4:53  Marine  
  43  4:54  Marauder  
  43  4:56  SCV  
  48  5:01  Supply Depot  
  48  5:02  SCV  
  49  5:09  SCV  
  50  5:15  Marine  
  51  5:22  Marine  
  51  5:23  Marine x2  
  51  5:24  Medivac  
  51  5:27  Supply Depot, Terran Infantry Armor Level 1  
  56  5:30  SCV  
  57  5:35  Marine  
  57  5:40  Marine, SCV  
  57  5:41  Marine  
  61  5:48  Siege Tank  
  61  5:49  SCV  
  65  5:52  SCV  
  65  5:55  Supply Depot  
  66  5:57  Medivac  
  66  6:01  SCV  
  66  6:03  Barracks Tech Lab  
  69  6:04  Marine  
  70  6:16  Marine x3  
  70  6:17  SCV x2  
  75  6:29  Command Center  
  77  6:40  Marine, Marauder  
  77  6:44  Supply Depot  
  78  6:50  Siege Tank, Marine  
  82  6:55  Armory  
  82  7:07  Supply Depot  
  80  7:24  Marine x3  
  80  7:25  Marine x2  
  85  7:42  Orbital Command, Marine x2  
  83  8:06  Marine x2, Barracks  
  83  8:07  Siege Tank  
  83  8:09  Terran Infantry Armor Level 2, Terran Infantry Weapons Level 2, Starport Tech Lab  
  88  8:15  Supply Depot  
  88  8:17  Supply Depot  
  88  8:20  Supply Depot  
  88  8:29  SCV  
  88  8:33  SCV x2  
  88  8:34  Marine x2  
  91  8:36  Medivac  
  91  8:38  Marine  
  91  8:39  Marine  
  91  8:41  Widow Mine  
  99  8:42  SCV  
  100  8:49  SCV  
  100  8:50  Refinery, SCV  
  100  8:52  Marine x2  
  100  8:54  SCV  
  105  8:55  Barracks  
  105  8:57  Barracks Reactor  
  105  9:00  Combat Shields  
  105  9:01  SCV  
  105  9:02  Widow Mine  
  108  9:08  Medivac  
  110  9:10  SCV x2  
  110  9:12  Marine x2  
  110  9:13  Marauder  
  98  9:48  Marine x3  
  98  9:49  Marine x3  
  104  9:53  Siege Tank  
  104  9:54  Marauder  
  104  9:57  Medivac  
  111  10:03  Supply Depot  
  111  10:07  Orbital Command  
  111  10:10  Supply Depot  
  111  10:16  Marauder  
  111  10:19  Barracks  
  111  10:20  Supply Depot x2  
  111  10:21  Barracks  
  113  10:25  Siege Tank  
  116  10:38  Liberator  
  116  10:50  SCV x2  
  116  10:52  Marine x3  
  116  10:53  Marine x4  
  128  10:57  Siege Tank  
  128  11:02  Supply Depot  
  131  11:08  Command Center  
  131  11:19  Command Center  
  131  11:21  Liberator  
  131  11:25  Supply Depot  
  126  11:44  Marine x3  
  126  11:45  Marine x2  
  131  11:48  Supply Depot  
  131  12:10  Supply Depot  
  131  12:11  Refinery  
  131  12:14  Refinery  
  128  12:15  Barracks Reactor  
  128  12:16  Barracks Reactor  
  128  12:26  Orbital Command  
  128  13:01  Marine x4  
  128  13:02  Marine x6  
  128  13:05  Siege Tank  
  141  13:07  Medivac  
  141  13:11  Orbital Command  
  136  13:37  Medivac  
Show
View Real Time Build Order
Export as new Build Order

A.I. 1 (Harder) Protoss 

Build Orders: 1 Gate Expand 

Get SALT Encoding   

  12  0:00  Probe  
  13  0:13  Probe  
  14  0:19  Pylon  
  14  0:25  Probe  
  15  0:37  Probe  
  15  0:40  Gateway  
  16  0:49  Probe  
  17  1:12  Nexus  
  17  1:13  Probe  
  18  1:26  Zealot  
  18  1:28  Pylon  
  18  1:32  Assimilator  
  20  1:42  Cybernetics Core  
  20  1:44  Probe  
  21  1:56  Probe  
  22  2:06  Gateway  
  22  2:08  Probe  
  22  2:14  Assimilator  
  23  2:20  Stalker  
  23  2:22  Pylon  
  25  2:23  Probe  
  26  2:35  Probe  
  27  2:47  Warp Gate  
  27  2:48  Probe  
  27  2:50  Stalker  
  30  2:56  Adept  
  32  3:00  Probe  
  32  3:04  Probe  
  34  3:12  Probe  
  35  3:16  Probe  
  36  3:20  Adept  
  36  3:24  Gateway, Probe  
  39  3:28  Probe  
  39  3:31  Zealot  
  42  3:47  Adept  
  44  3:51  Pylon  
  44  3:58  Adept  
  44  4:02  Probe  
  47  4:05  Probe  
  47  4:06  Stargate  
  48  4:15  Sentry, Assimilator  
  50  4:17  Probe  
  50  4:19  Probe  
  52  4:25  Pylon  
  52  4:29  Probe  
  53  4:31  Probe  
  54  4:40  Assimilator  
  54  4:41  Probe  
  54  4:44  Forge  
  55  4:46  Probe  
  55  4:49  Void Ray  
  60  4:53  Probe  
  60  4:58  Probe  
  62  5:01  Zealot  
  62  5:05  Pylon  
  62  5:06  Probe  
  65  5:10  Probe  
  65  5:13  Zealot  
  68  5:17  Protoss Ground Armor Level 1  
  68  5:18  Probe  
  69  5:23  Probe  
  69  5:24  Adept  
  71  5:30  Pylon, Probe  
  73  5:35  Adept, Probe  
  73  5:42  Probe  
  76  5:47  Adept  
  76  5:48  Probe  
  79  5:50  Pylon  
  79  5:54  Probe  
  80  5:58  Adept  
  82  6:08  Probe x2  
  82  6:09  Pylon  
  82  6:10  Adept  
  86  6:20  Probe  
  86  6:21  Sentry  
  89  6:27  Probe  
  89  6:29  Robotics Facility, Pylon  
  90  6:33  Stalker  
  92  6:42  Photon Cannon  
  92  6:44  Stalker  
  92  6:45  Photon Cannon  
  94  6:49  Pylon  
  94  6:52  Pylon  
  94  6:55  Stalker  
  94  6:57  Twilight Council  
  94  7:01  Forge  
  96  7:07  Void Ray  
  99  7:10  Probe x2  
  99  7:12  Protoss Ground Weapons Level 1  
  86  7:18  Observer  
  86  7:22  Probe x2  
  82  7:34  Probe x2  
  70  7:39  Observer  
  68  7:44  Adept  
  68  7:46  Probe  
  68  7:47  Probe  
  72  7:59  Probe x2  
  74  8:11  Probe  
  75  8:13  Photon Cannon  
  75  8:15  Probe  
  76  8:23  Probe  
  76  8:27  Probe  
  77  8:35  Probe  
  77  8:37  Photon Cannon  
  77  8:39  Probe  
  79  8:47  Probe  
  80  8:51  Probe  
  81  8:59  Probe  
  82  9:03  Probe  
  82  9:08  Gateway  
  83  9:11  Probe  
  84  9:19  Templar Archives  
  74  9:37  Nexus  
  50  9:53  Robotics Facility  
  50  9:56  High Templar  
  52  10:01  Gateway  
  52  10:06  High Templar  
  54  10:08  Stargate  
  54  10:18  Immortal  
  58  10:28  Archon, High Templar  
  60  10:38  High Templar  
  60  10:39  Warp Prism  
  64  10:57  Archon, Warp Prism  
  64  10:58  High Templar  
  68  11:06  Stargate  
  68  11:08  High Templar  
  70  11:18  Zealot  
  73  11:29  Probe  
  73  11:30  Probe  
  64  11:33  Probe  
  64  11:35  High Templar  
  49  11:41  Probe  
  49  11:45  Probe, High Templar  
  36  11:47  Probe  
  36  11:54  Probe  
  29  11:55  High Templar  
  29  11:57  Probe  
  27  12:02  Probe  
  11  12:55  Nexus  
  3  13:08  Pylon  
  3  13:32  Pylon  
Tags
 
Composition
MMM Bio
League
Gold
Matchup
PvT
Spawn Locations
Cross Positions
Add a new tag
Caveats
  • Supply blocks, unpowered buildings, or Contaminate may cause inaccurate times.
  • Supply counts are checked every 10 seconds.